 Dungeon Crawl Stone Soup version 0.31-a0-803-g95b03c3367 (webtiles) character file.

Game seed: 6742595734661577035

473 Darkkill the Shooter (level 6, -1/82 HPs)
             Began as a Minotaur Hunter on Sept 20, 2023.
             Succumbed to a scorpion's poison
             ... on level 5 of the Dungeon.
             The game lasted 00:04:55 (3325 turns).

Darkkill the Shooter (Minotaur Hunter)              Turns: 3325, Time: 00:04:56

Health: -1/82      AC: 23    Str: 16    XL:     6   Next: 84%
Magic:  5/5        EV:  2    Int:  6    God:
Gold:   231        SH:  0    Dex: 15    Spells: 5/5 levels left

rFire   . . .        a - +0 shortbow
rCold   . . .        (shield currently unavailable)
rNeg    . . .        c - melded +0 leather armour
rPois   +            (helmet currently unavailable)
rElec   .            (cloak currently unavailable)
rCorr   .            (gloves currently unavailable)
SInv    .            (boots currently unavailable)
Will    .....        (no amulet)
Stlth   ++           (no ring)
HPRegen 0.33/turn    (no ring)
MPRegen 0.09/turn

%: no passive effects
@: lethally poisoned (-1 -> -23), tree-form
A: stationary, stasis, torment immunity, boosted hp, (horns 2), (retaliatory
headbutt)
a: no special abilities


You were on level 5 of the Dungeon.
You were a tree.
You visited 1 branch of the dungeon, and saw 5 of its levels.

You collected 231 gold pieces.

Inventory:

Hand Weapons
 a - a +0 shortbow (weapon)
 b - a +1 scythe
Missiles
 g - 31 stones
Armour
 c - a +0 leather armour (melded)
Scrolls
 i - a scroll of fog
Potions
 d - 3 potions of enlightenment
 e - a potion of invisibility
 k - a potion of curing {unknown}


   Skills:
 + Level 4.9 Fighting
 + Level 5.9 Ranged Weapons
 + Level 4.4 Dodging
 + Level 3.1 Stealth


You had 5 spell levels left.
You didn't know any spells.
Your spell library contained the following spells:

 Spells                   Type           Power      Damage    Failure   Level
 Apportation              Tloc           0%         N/A       45%         1
 Foxfire                  Conj/Fire      0%         2x1d4     45%         1
 Jinxbite                 Hex            0%         N/A       58%         2
 Ozocubu's Armour         Ice            0%         N/A       83%         3
 Alistair's Intoxication  Tmut/Pois      0%         N/A       100%        5
 Plasma Beam              Fire/Air       0%         2x1d10    100%        6
 Starburst                Conj/Fire      0%         6d3       100%        6
 Ozocubu's Refrigeration  Ice            0%         4d7       100%        7


Dungeon Overview and Level Annotations

Branches:
Dungeon (5/15)
 Temple: D:4-7

Altars:

Shops:
D:2 :

Annotations:
D:4 3 runed translucent doors, cforsyth's ghost, weakling DjDe


Innate Abilities, Weirdness & Mutations

You are a tree.
Your roots penetrate the ground, keeping you stationary.
You cannot be teleported.
You are immune to unholy pain and torment.
Your maximum health is greatly increased.
Your equipment is partially melded.
((You have a pair of horns on your head.))
((You reflexively headbutt those who attack you in melee.))


Message History

Could not explore, unopened runed door.
There's something in the way.
Could not explore, unopened runed door.
There's something in the way.
Could not explore, unopened runed door.
There's something in the way.
Could not explore, unopened runed door.
There's something in the way.
Could not explore, unopened runed door.
There's something in the way.
Could not explore, unopened runed door.
There's something in the way.
Could not explore, unopened runed door.
There's something in the way.
Could not explore, unopened runed door.
There's something in the way.
Could not explore, unopened runed door.
There's something in the way.
Could not explore, unopened runed door.
There's something in the way.
Could not explore, unopened runed door.
As you read the scroll labelled MOILLE KYITOI, it crumbles to dust.
It is a scroll of enchant weapon.
Your +0 scythe glows red for a moment.
There is a stone staircase leading down here.
You climb downwards.
Found 6 atropa-tipped darts.
There is a stone staircase leading up here.
You shoot an arrow. The arrow hits the scorpion.
The scorpion is moderately wounded.
The scorpion barely misses you.
You shoot an arrow. The arrow closely misses the scorpion.
An ufetubus comes into view.
The scorpion stings you.
You shoot an arrow. The arrow barely misses the scorpion.
The ufetubus shouts!
The scorpion barely misses you. You furiously retaliate!
You headbutt the scorpion. The scorpion stings you.
You are poisoned.
The scorpion poisons you!
You shoot an arrow.
The arrow hits the scorpion but does no damage.
The scorpion is heavily wounded.
You feel very sick. The scorpion stings you.
You shoot an arrow.
The arrow hits the scorpion but does no damage.
The scorpion is heavily wounded.
You feel sick. The scorpion stings you.
You are more poisoned.
The scorpion poisons you! The scorpion barely misses you.
You are too injured to fight recklessly!
You are too injured to fight recklessly!
You are too injured to fight recklessly!
You are too injured to fight recklessly!
You shoot an arrow. The arrow misses the ufetubus.
You feel very sick. The ufetubus hits you. The ufetubus barely misses you.
The ufetubus closely misses you. You furiously retaliate!
You headbutt the ufetubus!
You kill the ufetubus!
The scorpion stings you but does no damage.
You feel very sick. The scorpion stings you.
You shoot an arrow. The arrow hits the scorpion.
The scorpion is severely wounded.
You feel very sick. The scorpion stings you.
* * * LOW HITPOINT WARNING * * *
You are lethally poisoned!
The scorpion poisons you! The scorpion stings you.
* * * LOW HITPOINT WARNING * * *
You are more poisoned.
The scorpion poisons you!
You shoot an arrow.
The arrow hits the scorpion but does no damage.
The scorpion is severely wounded.
* * * LOW HITPOINT WARNING * * *
You feel very sick. The scorpion barely misses you. You furiously retaliate!
You headbutt the scorpion.
You feel much better.
* * * LOW HITPOINT WARNING * * *
You feel very sick. The scorpion stings you.
* * * LOW HITPOINT WARNING * * *
You are more poisoned.
The scorpion poisons you!
There are no items here.
Fire: a) +0 shortbow
Press: ? - help, Q - select action, (/) - cycle Shift-Dir - straight line, f/p - scorpion
Aim: a scorpion (severely wounded, 63% to hit)
You shoot an arrow. The arrow hits the scorpion.
You kill the scorpion!
* * * LOW HITPOINT WARNING * * *
You feel extremely sick.
It was a potion of lignification.
You turn into a tree.
Your +0 leather armour melds into your body.
Your roots penetrate the ground.
You die...

# . .##.(
########....#
#.....#...#
#...♣....###
###.<.......
#........#
#.........
#####.....
..... ...#
####


There were no monsters in sight!

Vanquished Creatures
  Sigmund (D:3)
  2 scorpions
  A jelly (D:4)
  An iguana (D:4)
  7 adders
  An ufetubus (D:5)
  3 worms
  A dart slug (D:1)
  8 endoplasms
  A giant cockroach (D:4)
  2 goblins
  7 hobgoblins
  11 jackals
  3 quokkas
  3 ball pythons
  7 bats
  5 frilled lizards
  4 kobolds
  5 rats
73 creatures vanquished.

Notes
Turn   | Place    | Note
-------+----------+-------------------------------------------
     0 | D:1      | Darkkill the Minotaur Hunter began the quest for the Orb.
     0 | D:1      | Reached XP level 1. HP: 18/18 MP: 0/0
    60 | D:1      | Reached skill level 1 in Stealth
    95 | D:1      | Reached XP level 2. HP: 25/25 MP: 1/1
   519 | D:1      | Found a faded altar of an unknown god.
   563 | D:1      | Reached XP level 3. HP: 31/31 MP: 2/2
  1081 | D:2      | Found Oschyof's Book Shoppe.
  1462 | D:2      | Reached XP level 4. HP: 38/38 MP: 3/3
  1742 | D:3      | Noticed Sigmund
  1947 | D:3      | Noticed a scorpion
  1955 | D:3      | Killed a scorpion
  1956 | D:3      | Reached skill level 5 in Ranged Weapons
  2048 | D:3      | Reached XP level 5. HP: 46/46 MP: 4/4
  2210 | D:3      | Killed Sigmund
  2211 | D:3      | Reached XP level 6. HP: 53/53 MP: 5/5
  2793 | D:4      | Noticed cforsyth's ghost (weakling DjDe)
  2794 | D:4      | Found a runed translucent gate.
  2794 | D:4      | Found a runed translucent gate.
  2824 | D:4      | Found a runed translucent gate.
  3313 | D:5      | Entered Level 5 of the Dungeon
  3321 | D:5      | HP: 9/53 [scorpion (2)]
  3322 | D:5      | HP: 3/53 [poisoned by a scorpion]
  3325 | D:5      | Succumbed to a scorpion's poison

Illustrated notes

Levels and vault maps discovered:
D:1:      roderic_crop_circles_arrival_small, layout_loops_ring,
          chequers_ecumenical_altar_grove, chequers_serial_rivers_large_a
D:2:      layout_loops_ring, serial_shops, nicolae_book_shop_shelving
D:3:      layout_rooms, uniq_sigmund
D:4:      layout_gridville, gammafunk_ghost_split, dreamdust_mushroom_princess
D:5:      layout_rooms, temple_green, uniq_grinder

Skill      XL: |  1  2  3  4  5  6 |
---------------+-------------------+-----
Stealth        | 1 2 3 |  3.1
Fighting       | 3 4 |  4.9
Dodging        | 3 4 |  4.4
Ranged Weapons | 5 |  5.9

Action                     |  1- 3 |  4- 6 || total
---------------------------+-------+-------++-------
   Fire: Shortbow          |   159 |   133 ||   292
    Use: Scroll            |     1 |    11 ||    12
         Potion            |       |     2 ||     2
 Armour: Leather armour    |    44 |    36 ||    80
  Dodge: Dodged            |    61 |    52 ||   113

Table legend: (Time is in decaauts)
 A = Elapsed time spent in this place.
 B = Non-inter-level travel time spent in this place.
 C = Inter-level travel time spent in this place.
 D = Time resting spent in this place.
 E = Time spent auto-exploring this place.
 F = Levels seen in this place.
 G = Mean time per level.
                   A        B        C        D        E       F      G
               +--------+--------+--------+--------+--------+-----+--------+
         Total |   3385 |   3213 |    172 |     93 |   2546 |   5 |  677.0 |
       Dungeon |   3385 |   3213 |    172 |     93 |   2546 |   5 |  677.0 |
               +--------+--------+--------+--------+--------+-----+--------+

Top non-repeatable levels by time:
     D:4: 906 daAuts
     D:2: 899 daAuts
     D:1: 868 daAuts
     D:3: 697 daAuts
     D:5: 13 daAuts

Levels and vault maps discovered:
D:1:      roderic_crop_circles_arrival_small, layout_loops_ring,
          chequers_ecumenical_altar_grove, chequers_serial_rivers_large_a
D:2:      layout_loops_ring, serial_shops, nicolae_book_shop_shelving
D:3:      layout_rooms, uniq_sigmund
D:4:      layout_gridville, gammafunk_ghost_split, dreamdust_mushroom_princess
D:5:      layout_rooms, temple_green, uniq_grinder

Table legend: (Time is in decaauts)
 A = Elapsed time spent in this place.
 B = Non-inter-level travel time spent in this place.
 C = Inter-level travel time spent in this place.
 D = Time resting spent in this place.
 E = Time spent auto-exploring this place.
 F = Levels seen in this place.
 G = Mean time per level.
                   A        B        C        D        E       F      G
               +--------+--------+--------+--------+--------+-----+--------+
         Total |   3385 |   3213 |    172 |     93 |   2546 |   5 |  677.0 |
       Dungeon |   3385 |   3213 |    172 |     93 |   2546 |   5 |  677.0 |
               +--------+--------+--------+--------+--------+-----+--------+

Top non-repeatable levels by time:
     D:4: 906 daAuts
     D:2: 899 daAuts
     D:1: 868 daAuts
     D:3: 697 daAuts
     D:5: 13 daAuts

Table legend:
 A = Kills in this place as a percentage of kills in the entire game.
 B = Kills by you in this place as a percentage of kills by you in the entire game.
 C = Kills by friends in this place as a percentage of kills by friends in the entire game.
 D = Other kills in this place as a percentage of other kills in the entire game.
 E = Experience gained in this place as a percentage of experience gained in the entire game.
 F = Experience gained in this place divided by the number of levels of this place that you have seen.
                   A       B       C       D       E      F
               +-------+-------+-------+-------+-------+----------------------
         Total | 100.0 | 100.0 |   N/A |   N/A | 100.0 | 135.4
       Dungeon | 100.0 | 100.0 |   N/A |   N/A | 100.0 | 135.4
               +-------+-------+-------+-------+-------+----------------------
